[Event "Titled Tuesday Blitz April 05 Late 2022"]
[White "Sztokbant, Bernardo Vainzoff"]
[Black "Diaz Perez, Michel Alejandro"]
[WhiteFideId "2115956"]
[BlackFideId "3517179"]
[WhiteElo "2225"]
[BlackElo "2313"]
[Result "1/2-1/2"]
[Round "07"]
[TimeControl "180+1"]
[Date "2022.04.06"]
[WhiteClock "0:00:06"]
[BlackClock "0:00:11"]

1. e4 c6 2. d4 d5 3. exd5 cxd5 4. Bd3 Nf6 5. h3 Nc6 6. c3 g6 7. Nf3 Bg7 8. O-O O-O 9. Re1 Rb8 10. Bf4 Ra8 11. Nbd2 Bf5 12. Qe2 Bxd3 13. Qxd3 a6 14. a4 Re8 15. Re2 Qc8 16. Rae1 Qf5 17. Qe3 b5 18. axb5 axb5 19. Nb3 Ne4 20. Nfd2 Nxd2 21. Qxd2 Ra2 22. Bg3 h5 23. Nc5 b4 24. Qd3 Qxd3 25. Nxd3 e6 26. Bd6 bxc3 27. bxc3 Rea8 28. Rxa2 Rxa2 29. Rb1 Rc2 30. Rc1 Rd2 31. Nb4 Na5 32. Bf4 Rb2 33. Ra1 Nc4 34. Ra8+ Kh7 35. Ra7 Kg8 36. Ra8+ Kh7 37. Ra7 g5 38. Bxg5 Kg6 39. Be3 Rb3 40. Nd3 Nxe3 41. fxe3 Bh6 42. Kf2 Rxc3 43. Ke2 f6 44. Ra6 Rc2+ 45. Kf3 Kf7 46. Ra7+ Kg6 47. Ra6 Kf7 48. Nc5 e5 49. Ra7+ Kg6 50. Ra6 Rc3 51. Nd7 Rxe3+ 52. Kf2 exd4 53. Nxf6 Kf5 54. Nxd5 Re6 55. g4+ hxg4 56. hxg4+ Ke5 57. Rxe6+ Kxe6 58. Nb4 Ke5 59. Kf3 Bg5 60. Nc6+ Kd5 61. Nxd4 Kxd4 62. Kg2 Ke4 63. Kf1 Kf3 64. Ke1 Kxg4 1/2-1/2


[Site "https://www.chess.com"]

[Event "Titled Tuesday Blitz April 05 Late 2022"]
[White "Tanenbaum, Zachary"]
[Black "Babazada, Khazar"]
[WhiteFideId "2060850"]
[BlackFideId "13413554"]
[WhiteElo "2168"]
[BlackElo "2406"]
[Result "1/2-1/2"]
[Round "07"]
[TimeControl "180+1"]
[Date "2022.04.05"]
[WhiteClock "0:00:07"]
[BlackClock "0:00:17"]

1. e4 e5 2. Nf3 d6 3. d4 exd4 4. Nxd4 Nf6 5. Nc3 Be7 6. Bc4 O-O 7. O-O Nc6 8. Nxc6 bxc6 9. Bb3 Nd7 10. f4 Nc5 11. Be3 Nxb3 12. axb3 Bf6 13. Qf3 Re8 14. Rxa7 Rxa7 15. Bxa7 c5 16. Rd1 Bd4+ 17. Kh1 Bb7 18. Rxd4 cxd4 19. Bxd4 Qe7 20. Qg3 f6 21. h3 Bxe4 22. Kh2 Bb7 23. Nd1 c5 24. Bc3 d5 25. Nf2 d4 26. Ba5 h5 27. Nd3 Be4 28. Bb6 Bxd3 29. cxd3 Qd6 30. Ba5 Re3 31. Qf2 Qd5 32. Bd2 Rxd3 33. Qe2 Rxb3 34. f5 Qxf5 35. Qc4+ Kh7 36. Qxb3 h4 37. Qc4 Qf2 38. Qd3+ g6 39. b4 c4 40. Qxc4 Qxd2 41. Qf7+ Kh6 42. Qf8+ Kg5 43. Qc5+ Kf4 44. Qd6+ Ke3 45. b5 Qb2 46. Qe6+ Kd2 47. b6 d3 48. Qc6 Qe5+ 49. Kh1 Ke2 50. b7 d2 51. Qf3+ Ke1 52. Qb3 d1=Q 53. b8=Q Kf2+ 54. Qxd1 Qxb8 55. Qd2+ Kf1 56. Qd1+ Kf2 57. Qd2+ Kf1 58. Qd1+ Kf2 1/2-1/2


[Site "https://www.chess.com"]

[Event "Titled Tuesday Blitz April 05 Late 2022"]
[White "Tregubov, Pavel V."]
[Black "Mikhalsky, Vladimir"]
[WhiteFideId "4115341"]
[BlackFideId "14144352"]
[WhiteElo "2341"]
[BlackElo "2301"]
[Result "1-0"]
[Round "07"]
[TimeControl "180+1"]
[Date "2022.04.06"]
[WhiteClock "0:00:51"]
[BlackClock "0:00:39"]

1. e4 g6 2. d4 Bg7 3. Nf3 d6 4. Nc3 Nd7 5. Be2 a6 6. O-O b5 7. a4 b4 8. Nd5 a5 9. c3 c6 10. Ne3 Ngf6 11. e5 Ne4 12. Qc2 d5 13. cxb4 Nb6 14. bxa5 Rxa5 15. b4 Ra7 16. a5 Nd7 17. Qxc6 Bb7 18. Qc2 O-O 19. Nd2 Qa8 20. Nb3 Rc8 21. Nc5 Ndxc5 22. bxc5 Rxa5 23. Bb2 Nxc5 24. dxc5 Rcxc5 25. Qxc5 Rxc5 26. Rxa8+ Bxa8 27. Bd4 Ra5 28. Rb1 f6 29. e6 Bh6 30. Rb8+ Kg7 31. Re8 Bxe3 32. fxe3 Ra2 33. Rxe7+ Kh6 34. Bf3 Bc6 35. Bxf6 1-0


[Site "https://www.chess.com"]

[Event "Titled Tuesday Blitz April 05 Late 2022"]
[White "Tristan, Leonardo"]
[Black "Xiong, Jeffery"]
[WhiteFideId "113816"]
[BlackFideId "2047640"]
[WhiteElo "2404"]
[BlackElo "2727"]
[Result "1-0"]
[Round "07"]
[TimeControl "180+1"]
[Date "2022.04.05"]
[WhiteClock "0:00:57"]
[BlackClock "0:00:43"]

1. d4 Nf6 2. Nf3 d5 3. Bf4 c5 4. e3 e6 5. Nbd2 Nbd7 6. c3 Be7 7. Ne5 O-O 8. Bd3 c4 9. Bc2 Nxe5 10. Bxe5 Nd7 11. Bg3 b5 12. e4 b4 13. O-O Bb7 14. Re1 Qa5 15. Re3 Bg5 16. f4 Be7 17. e5 g6 18. h4 bxc3 19. bxc3 Rfb8 20. h5 Nf8 21. hxg6 hxg6 22. Qg4 Bc8 23. Bh4 Qd8 24. Rh3 Rb2 25. Rc1 Rab8 26. Bg5 f5 27. exf6 Bxf6 28. Qh4 Kf7 29. Nf3 Bxg5 30. fxg5 Ke7 31. Ne5 Bd7 32. Qf4 Be8 33. Rh8 1-0


[Site "https://www.chess.com"]

[Event "Titled Tuesday Blitz April 05 Late 2022"]
[White "Vasquez Schroeder, Rodrigo"]
[Black "Hakobyan, Aram"]
[WhiteFideId "3400042"]
[BlackFideId "13306677"]
[WhiteElo "2561"]
[BlackElo "2557"]
[Result "1-0"]
[Round "07"]
[TimeControl "180+1"]
[Date "2022.04.05"]
[WhiteClock "0:00:35"]
[BlackClock "0:00:04"]

1. e4 e5 2. Nf3 Nc6 3. Bb5 a6 4. Ba4 d6 5. O-O Bd7 6. c3 g6 7. d4 Bg7 8. dxe5 dxe5 9. Bg5 Nf6 10. Nbd2 h6 11. Be3 O-O 12. Bc5 Re8 13. Re1 b6 14. Ba3 Na7 15. Bxd7 Nxd7 16. b3 Nb5 17. Bb2 Nc5 18. a4 Nd6 19. Ba3 h5 20. Bxc5 bxc5 21. Qe2 Qe7 22. Nc4 Qe6 23. Nfd2 Bh6 24. Nxd6 cxd6 25. Nc4 Rab8 26. Red1 Rxb3 27. Rxd6 Qe7 28. Qd3 Reb8 29. g3 h4 30. Kg2 Bf8 31. Rxa6 Qg5 32. Qf3 Rb1 33. Rxb1 Rxb1 34. Ra7 Be7 35. Ne3 Qh6 36. Qg4 Bg5 37. Qd7 h3+ 38. Kf3 Qg7 39. Nd5 Rb8 40. Qxh3 Re8 41. Qd7 Qf8 42. h4 Rd8 43. Qg4 Bh6 44. h5 Kh8 45. hxg6 fxg6+ 46. Kg2 1-0


[Site "https://www.chess.com"]

[Event "Titled Tuesday Blitz April 05 Late 2022"]
[White "VengoDelFuturo"]
[Black "Yurtseven, Melih"]
[BlackFideId "6312160"]
[WhiteElo "2365"]
[BlackElo "2160"]
[Result "1-0"]
[Round "07"]
[TimeControl "180+1"]
[Date "2022.04.06"]
[WhiteClock "0:00:04"]
[BlackClock "0:00:01"]

1. e4 e5 2. Nf3 Nc6 3. Bc4 Nf6 4. d4 exd4 5. O-O Nxe4 6. Nc3 Nf6 7. Ng5 d5 8. Re1+ Be7 9. Nxf7 Kxf7 10. Nxd5 Nxd5 11. Qh5+ g6 12. Bxd5+ Ke8 13. Bxc6+ bxc6 14. Qc5 Rf8 15. Bg5 Rf7 16. Re4 Qd6 17. Qxd6 cxd6 18. Rae1 Bf5 19. Rxe7+ Rxe7 20. Rxe7+ Kf8 21. Rxh7 Kg8 22. Rc7 c5 23. Rc6 Rb8 24. b3 Bxc2 25. Rxd6 d3 26. h4 Bb1 27. Rxg6+ Kf7 28. Rd6 a5 29. h5 a4 30. h6 axb3 31. axb3 Rh8 32. Bd2 Rb8 33. Bc3 c4 34. h7 d2 35. Rxd2 Bxh7 36. bxc4 1-0


[Site "https://www.chess.com"]

[Event "Titled Tuesday Blitz April 05 Late 2022"]
[White "Vovk, Orest"]
[Black "Spata, German"]
[WhiteFideId "14113490"]
[BlackFideId "113026"]
[WhiteElo "2203"]
[BlackElo "2238"]
[Result "1-0"]
[Round "07"]
[TimeControl "180+1"]
[Date "2022.04.06"]
[WhiteClock "0:00:05"]
[BlackClock "0:00:01"]

1. h4 e5 2. h5 h6 3. Nc3 d5 4. e4 d4 5. Nce2 Nf6 6. Ng3 c5 7. Bc4 Nc6 8. Nf3 Bg4 9. d3 a6 10. a3 Qd7 11. Bd2 Be7 12. Qe2 Be6 13. Bxe6 fxe6 14. Nh4 O-O-O 15. Ng6 Rhg8 16. O-O Bd6 17. f4 exf4 18. Bxf4 e5 19. Bd2 Ne7 20. Nxe7+ Qxe7 21. Nf5 Qe8 22. Nxd6+ Rxd6 23. Rf5 Nd7 24. Raf1 g6 25. hxg6 Rdxg6 26. R1f2 Rg4 27. Rf7 Rxg2+ 28. Rxg2 Rxg2+ 29. Qxg2 Qxf7 30. Bxh6 Qh5 31. Bg5 Nf8 32. Be7 Qd1+ 33. Kh2 Qh5+ 34. Qh3+ Qxh3+ 35. Kxh3 Nd7 36. Bd6 b5 37. Kg4 Kb7 38. Kf5 Kc6 39. Bxe5 Nb6 40. b3 a5 41. Bf6 a4 42. e5 b4 43. bxa4 bxa3 44. a5 a2 45. axb6 a1=Q 46. b7 Kxb7 47. e6 Kc6 48. Kg6 Kd6 49. Kf7 Qa7+ 50. e7 Qd7 51. Kf8 Qf5 52. e8=Q Qxf6+ 53. Qf7 Ke5 54. Qxf6+ Kxf6 55. Ke8 Ke6 56. Kd8 Kd6 57. Kc8 Kc6 58. Kd8 Kb5 59. Kd7 Kb4 60. Kc6 c4 61. Kd5 cxd3 62. cxd3 Kc3 63. Ke4 1-0


[Site "https://www.chess.com"]

[Event "Titled Tuesday Blitz April 05 Late 2022"]
[White "Wieczorek, Oskar"]
[Black "Constantinou, Peter"]
[WhiteFideId "1133950"]
[BlackFideId "413038"]
[WhiteElo "2319"]
[BlackElo "2230"]
[Result "0-1"]
[Round "07"]
[TimeControl "180+1"]
[Date "2022.04.06"]
[WhiteClock "0:00:14"]
[BlackClock "0:00:28"]

1. e4 c5 2. Nf3 e6 3. g3 Nc6 4. Bg2 Nf6 5. Qe2 e5 6. O-O Be7 7. c3 O-O 8. d3 d6 9. Nbd2 h6 10. h3 Be6 11. Nh2 Qd7 12. h4 d5 13. exd5 Nxd5 14. Nc4 f6 15. a4 Rad8 16. a5 Rfe8 17. Be3 Bf8 18. Rad1 Bh3 19. Bc1 Bxg2 20. Kxg2 b5 21. axb6 axb6 22. Qf3 b5 23. Ne3 b4 24. Nxd5 Qxd5 25. Qxd5+ Rxd5 26. Kf3 Red8 27. Ke2 Kf7 28. Ng4 Na5 29. Ne3 R5d7 30. cxb4 cxb4 31. Nc4 Nb3 32. Be3 Bc5 33. g4 Ke6 34. h5 Ra8 35. Bxc5 Nxc5 36. Ra1 Rxa1 37. Rxa1 Nxd3 38. Ra6+ Ke7 39. Ne3 Nxb2 40. Rb6 Nd3 41. Nf5+ Kd8 42. Nxg7 Nf4+ 43. Kf3 Rxg7 44. Rxb4 Ne6 45. Rb6 Ng5+ 46. Ke3 Ke7 47. Rb7+ Kf8 48. Rb8+ Kf7 49. f4 exf4+ 50. Kxf4 Ne6+ 51. Kf5 Rg5+ 52. Ke4 Rxg4+ 0-1


[Site "https://www.chess.com"]

[Event "Titled Tuesday Blitz April 05 Late 2022"]
[White "Winkels, Marcel"]
[Black "Ward, Ieuan C"]
[WhiteFideId "1003887"]
[BlackFideId "406627"]
[WhiteElo "1900"]
[BlackElo "2298"]
[Result "1-0"]
[Round "07"]
[TimeControl "180+1"]
[Date "2022.04.06"]
[WhiteClock "0:01:38"]
[BlackClock "0:00:36"]

1. d4 e5 2. dxe5 Nc6 3. Nf3 d6 4. exd6 Bxd6 5. Nc3 Qe7 6. Bg5 f6 7. Bh4 Bg4 8. Bg3 O-O-O 9. Qc1 Bb4 10. e3 Qc5 11. Be2 Bxc3+ 12. bxc3 Qxc3+ 13. Kf1 h5 14. h4 Nge7 15. Rb1 Nf5 16. Bf4 Rhe8 17. Rb3 Qc5 18. Qb2 Bxf3 19. Bxf3 Qc4+ 20. Kg1 b6 21. Rc3 Qb4 22. Qxb4 Nxb4 23. Rxc7+ Kb8 24. Rc4+ Nd6 25. Rxb4 Kc8 26. Bxd6 Rxd6 27. Kh2 1-0


[Site "https://www.chess.com"]

[Event "Titled Tuesday Blitz April 05 Late 2022"]
[White "Zhou, Qiyu"]
[Black "Rudzinska, Michalina"]
[WhiteFideId "505161"]
[BlackFideId "1172883"]
[WhiteElo "1925"]
[BlackElo "1904"]
[Result "0-1"]
[Round "07"]
[TimeControl "180+1"]
[Date "2022.04.06"]
[WhiteClock "0:00:01"]
[BlackClock "0:00:13"]

1. e4 c5 2. Nf3 e6 3. d4 cxd4 4. Nxd4 a6 5. c4 Nf6 6. Nc3 Bb4 7. Bd3 Nc6 8. Nxc6 dxc6 9. O-O e5 10. Bg5 O-O 11. h3 Be7 12. Qf3 Be6 13. Rad1 Qc7 14. a3 Rad8 15. Be3 b5 16. cxb5 axb5 17. Bc2 Nd7 18. Rd2 Nb6 19. Bxb6 Qxb6 20. Rfd1 f6 21. Ne2 c5 22. Ng3 c4 23. Ne2 Bc5 24. Nc3 Bd4 25. Nd5 Qc5 26. b4 Qa7 27. Nc3 Qxa3 28. Nxb5 Qxb4 29. Nc7 Bf7 30. Nd5 Qc5 31. Ne3 c3 32. Rd3 Rb8 33. Qg3 g6 34. Nf5 Bc4 35. Rf3 Kh8 36. Nxd4 exd4 37. Rxf6 Rxf6 38. Qxb8+ Rf8 39. Qg3 d3 40. Bxd3 Bxd3 41. Qxd3 Qxf2+ 42. Kh1 Qc5 43. Rc1 Rc8 44. Rc2 Rc6 45. Qd8+ Kg7 46. Qd7+ Kh6 47. Qd3 Qe5 48. Qe3+ Kg7 49. Qd3 Rd6 50. Qe2 Rb6 51. Qd1 Rb2 52. Qd3 Rb1+ 0-1


[Site "https://www.chess.com"]

[Event "Titled Tuesday Blitz April 05 Late 2022"]
[White "Adewumi, Tanitoluwa"]
[Black "Czopor, Maciej"]
[WhiteFideId "30966396"]
[BlackFideId "21805431"]
[WhiteElo "2550"]
[BlackElo "2672"]
[Result "0-1"]
[Round "08"]
[TimeControl "180+1"]
[Date "2022.04.06"]
[WhiteClock "0:00:01"]
[BlackClock "0:00:30"]

1. e4 c6 2. d4 d5 3. exd5 cxd5 4. Bd3 Nc6 5. c3 g6 6. Bf4 Bg7 7. Nf3 Bf5 8. O-O Bxd3 9. Qxd3 e6 10. Nbd2 Nge7 11. Rae1 O-O 12. Ne5 Rc8 13. Qh3 Nxe5 14. dxe5 Qb6 15. Rb1 Qb5 16. Nf3 Qd3 17. Rbd1 Qf5 18. Qh4 Nc6 19. Rfe1 h5 20. Qg3 Qg4 21. Qxg4 hxg4 22. Nd4 Ne7 23. Bg5 Nf5 24. Bf4 Rc4 25. Bg3 Nxd4 26. Rxd4 Rxd4 27. cxd4 Rc8 28. f3 gxf3 29. gxf3 Rc2 30. Rb1 Bh6 31. f4 Rd2 32. Rf1 Rxd4 33. Kg2 Rd2+ 34. Rf2 Rxf2+ 35. Kxf2 Kf8 36. h4 Ke7 37. Ke3 Kd7 38. Kd4 Kc6 39. a4 Bf8 40. b3 Bc5+ 41. Kd3 Be7 42. Bf2 a6 43. Kc3 Bc5 44. Be1 Be3 45. Bg3 d4+ 46. Kc4 b5+ 47. axb5+ axb5+ 48. Kd3 Kd5 49. Bh2 Bf2 50. Ke2 Bxh4 51. Bg1 Bd8 52. Kd3 Bb6 53. Bf2 Bc5 54. Bh4 Bb4 55. Bg5 Be1 56. Bh6 Bf2 57. Bg5 Be3 58. Bh6 Bf2 59. Bg5 Bg3 60. Bh6 Bh4 61. Bg7 g5 62. fxg5 Bxg5 63. Bf6 Bf4 0-1


[Site "https://www.chess.com"]

[Event "Titled Tuesday Blitz April 05 Late 2022"]
[White "Aldokhin, Ivan"]
[Black "Zherebtsova, Alexandra"]
[WhiteFideId "24115720"]
[BlackFideId "24129518"]
[WhiteElo "2604"]
[BlackElo "2413"]
[Result "1-0"]
[Round "08"]
[TimeControl "180+1"]
[Date "2022.04.06"]
[WhiteClock "0:00:36"]
[BlackClock "0:00:05"]

1. e4 e5 2. Nf3 Nc6 3. Bb5 a6 4. Ba4 Nf6 5. O-O Be7 6. Re1 b5 7. Bb3 d6 8. c3 O-O 9. d4 Bg4 10. d5 Nb8 11. Nbd2 c6 12. dxc6 Nxc6 13. Nf1 Na5 14. Bc2 Re8 15. Bg5 h6 16. Bxf6 Bxf6 17. Ne3 Bh5 18. Nd5 Nc4 19. Rb1 Nb6 20. Bb3 Rc8 21. Nxb6 Qxb6 22. Qd3 Bg4 23. Nd2 Be6 24. Nf1 Bg5 25. g3 h5 26. h4 Bh6 27. Rbd1 Rcd8 28. Bd5 g6 29. Qf3 Kg7 30. Rd3 Rd7 31. Red1 Bg4 32. Qg2 Bxd1 33. Rxd1 b4 34. c4 a5 35. Qf3 Rf8 36. Qe2 f5 37. exf5 Rxf5 38. Be6 Rdf7 39. Bxf5 Rxf5 40. Rd5 Rf6 41. Kg2 Qc6 42. b3 a4 43. Nd2 Bxd2 44. Qxd2 axb3 45. axb3 Qb6 46. Rb5 Qc6+ 47. Qd5 Qe8 48. Rb7+ Kh8 49. Ra7 Rf8 50. Qxd6 e4 51. Qd4+ 1-0


[Site "https://www.chess.com"]

[Event "Titled Tuesday Blitz April 05 Late 2022"]
[White "Almagro Mazariegos, Sebastian"]
[Black "Szente Varga, Fruzsina"]
[WhiteFideId "2221640"]
[BlackFideId "712264"]
[WhiteElo "2376"]
[BlackElo "2204"]
[Result "0-1"]
[Round "08"]
[TimeControl "180+1"]
[Date "2022.04.06"]
[WhiteClock "0:02:17"]
[BlackClock "0:02:11"]

1. e4 e5 2. Nf3 Nc6 3. d4 exd4 4. Nxd4 Qf6 5. Nxc6 dxc6 6. Bd3 Be6 7. O-O O-O-O 8. Nc3 h5 9. Qe2 Nh6 10. Qxh5 Bd6 11. f4 Ng4 12. e5 Bc5+ 13. Kh1 Rxh5 0-1


[Site "https://www.chess.com"]

[Event "Titled Tuesday Blitz April 05 Late 2022"]
[White "Ambartsumova, Karina"]
[Black "Pakleza, Zbigniew"]
[WhiteFideId "4166299"]
[BlackFideId "1119290"]
[WhiteElo "2262"]
[BlackElo "2467"]
[Result "0-1"]
[Round "08"]
[TimeControl "180+1"]
[Date "2022.04.05"]
[WhiteClock "0:00:03"]
[BlackClock "0:00:15"]

1. d4 d5 2. Nf3 Bf5 3. c4 e6 4. Nc3 c6 5. Qb3 Qb6 6. c5 Qc7 7. g3 Nd7 8. Bf4 Qc8 9. Nh4 Bg6 10. Bg2 Ngf6 11. Nxg6 hxg6 12. O-O Be7 13. Qc2 O-O 14. b4 a6 15. a4 Bd8 16. b5 Bc7 17. Bxc7 Qxc7 18. b6 Qd8 19. f4 Ng4 20. Qd3 Qe7 21. h3 Nh6 22. Bf3 g5 23. e3 Nf5 24. Kh2 gxf4 25. exf4 g6 26. g4 Nh4 27. Bh1 Kg7 28. Rae1 Qf6 29. Ne2 Rh8 30. Qg3 Rh7 31. Rf2 Rah8 32. Ref1 Qe7 33. Re1 Kf8 34. Nc3 Nxc5 35. dxc5 Qxc5 36. Nd1 Qxb6 37. Qa3+ c5 38. Qe3 Qd6 39. Qe5 Qxe5 40. fxe5 Ke7 41. Rb2 Rb8 42. a5 g5 43. Nf2 Ng6 44. Nd3 c4 45. Nb4 Rhh8 46. Reb1 Nxe5 47. Nxa6 Ra8 48. Rxb7+ Kf6 49. R1b6 c3 50. Rc7 Rhc8 51. Rxc8 Rxc8 52. Nb4 c2 53. Nxc2 Rxc2+ 54. Kg3 Ra2 55. a6 Ra3+ 56. Kh2 Nc4 57. Bg2 Nxb6 0-1


[Site "https://www.chess.com"]

[Event "Titled Tuesday Blitz April 05 Late 2022"]
[White "Andrews, Todd"]
[Black "Rottenwohrer Suarez, Juan"]
[WhiteFideId "2012456"]
[BlackFideId "32068182"]
[WhiteElo "2302"]
[BlackElo "2412"]
[Result "1-0"]
[Round "08"]
[TimeControl "180+1"]
[Date "2022.04.06"]
[WhiteClock "0:01:10"]
[BlackClock "0:00:05"]

1. d4 Nf6 2. c4 g6 3. Nc3 Bg7 4. e4 d6 5. Nf3 O-O 6. Be2 e5 7. O-O Nc6 8. d5 Ne7 9. b4 a5 10. bxa5 Rxa5 11. Nd2 Ra8 12. a4 Ne8 13. Nb3 c5 14. a5 f5 15. f3 Nf6 16. Bg5 h6 17. Bh4 g5 18. Bf2 f4 19. Na4 Nd7 20. Qd2 h5 21. Rfb1 Rf6 22. Naxc5 Nxc5 23. Nxc5 dxc5 24. Bxc5 g4 25. Bf2 gxf3 26. Bxf3 Bg4 27. Qe2 Rg6 28. c5 Rxa5 29. Rxa5 Qxa5 30. Rxb7 Qa1+ 31. Qf1 Qc3 32. Bxg4 Rxg4 33. Rxe7 Bf8 34. Re8 Kf7 35. Rc8 f3 36. g3 Rxe4 37. Qb1 Ra4 38. Qf5+ Kg8 39. Qxf8+ 1-0


[Site "https://www.chess.com"]

[Event "Titled Tuesday Blitz April 05 Late 2022"]
[White "Araujo Filho, Luiz Antonio Coel"]
[Black "P., Komal Kishore"]
[WhiteFideId "2130661"]
[BlackFideId "5016703"]
[WhiteElo "2265"]
[BlackElo "2093"]
[Result "1-0"]
[Round "08"]
[TimeControl "180+1"]
[Date "2022.04.06"]
[WhiteClock "0:00:58"]
[BlackClock "0:00:04"]

1. d4 Nf6 2. Nf3 d5 3. e3 Bf5 4. Bd3 Bxd3 5. Qxd3 a6 6. Nbd2 e6 7. O-O c5 8. c3 Nc6 9. e4 Be7 10. e5 Nd7 11. a3 O-O 12. Re1 b5 13. Nf1 Nb6 14. dxc5 Bxc5 15. Ng5 g6 16. Ng3 Re8 17. Nh5 Be7 18. Qh3 Bxg5 19. Bxg5 Qxg5 20. Nf6+ Kg7 21. Qxh7+ Kf8 22. f4 Qxf4 23. Rf1 Qxe5 24. Nxe8 Kxe8 25. Rxf7 Ne7 26. Rxe7+ 1-0


[Site "https://www.chess.com"]

[Event "Titled Tuesday Blitz April 05 Late 2022"]
[White "Ardila, Oscar Humberto"]
[Black "Dobre, Claudiu-Cristian"]
[WhiteFideId "4404742"]
[BlackFideId "1211854"]
[WhiteElo "2236"]
[BlackElo "2480"]
[Result "0-1"]
[Round "08"]
[TimeControl "180+1"]
[Date "2022.04.06"]
[WhiteClock "0:00:02"]
[BlackClock "0:00:47"]

1. d4 f5 2. c4 Nf6 3. Nc3 d6 4. Nf3 g6 5. g3 Bg7 6. Bg2 O-O 7. O-O Qe8 8. d5 a5 9. Nd4 Na6 10. Bg5 h6 11. Bxf6 Bxf6 12. e3 Bd7 13. Qd2 Nc5 14. Rac1 c6 15. Rfd1 Bg7 16. b3 Qf7 17. dxc6 bxc6 18. Nxc6 Bxc3 19. Qxc3 Ne4 20. Nxe7+ Qxe7 21. Qd4 Bc6 22. Qb6 Rfc8 23. Qd4 Rd8 24. Qb6 Qb7 25. Qd4 Kh7 26. h4 Rab8 27. Rd3 h5 28. Rcd1 Nc5 29. Bxc6 Qxc6 30. R3d2 Ne4 31. Rd3 Qc5 32. Qb2 a4 33. Rd5 Qb4 34. f3 Nc3 35. Kg2 axb3 36. axb3 Nxd1 37. Rxd1 Qxb3 38. Qf2 Qc3 39. Rd2 Rb3 40. Re2 Rdb8 41. Kh3 Rb2 42. Rxb2 Rxb2 43. Qf1 Qc2 44. Qg1 Qf2 45. Qxf2 Rxf2 0-1


[Site "https://www.chess.com"]

[Event "Titled Tuesday Blitz April 05 Late 2022"]
[White "Arnold, Ken"]
[Black "Petrovic, Aleksa"]
[WhiteFideId "2056836"]
[BlackFideId "967629"]
[WhiteElo "2239"]
[BlackElo "2486"]
[Result "1-0"]
[Round "08"]
[TimeControl "180+1"]
[Date "2022.04.06"]
[WhiteClock "0:01:25"]
[BlackClock "0:00:01"]

1. e4 c5 2. Nf3 e6 3. c4 Nc6 4. d4 cxd4 5. Nxd4 Nf6 6. Nxc6 bxc6 7. Qc2 d5 8. Bd3 Bb4+ 9. Bd2 Bd6 10. h3 O-O 11. O-O Bb7 12. Nc3 d4 13. Ne2 c5 14. f4 e5 15. Rae1 Re8 16. f5 Qb6 17. g4 h6 18. Ng3 Nh7 19. h4 Be7 20. g5 hxg5 21. hxg5 Nxg5 22. Kg2 Nh7 23. Rh1 a5 24. Rh3 Ng5 25. Rh5 g6 26. Rxg5 Bxg5 27. Bxg5 gxf5 28. Nxf5 Qg6 29. Kf2 f6 30. Bh6 Kf7 31. Rg1 Qh5 32. Qe2 Qh2+ 33. Rg2 1-0


[Site "https://www.chess.com"]

[Event "Titled Tuesday Blitz April 05 Late 2022"]
[White "Ashiev, Eduard"]
[Black "Silvestre, Christian"]
[WhiteFideId "4130090"]
[BlackFideId "30956269"]
[WhiteElo "2220"]
[BlackElo "2392"]
[Result "1-0"]
[Round "08"]
[TimeControl "180+1"]
[Date "2022.04.06"]
[WhiteClock "0:00:13"]
[BlackClock "0:00:30"]

1. d4 Nf6 2. Nf3 d6 3. c4 Nbd7 4. Nc3 e5 5. e4 Be7 6. h3 O-O 7. Be2 Re8 8. O-O Bf8 9. d5 c6 10. Be3 a6 11. Rc1 Rb8 12. b4 c5 13. b5 a5 14. Nd2 b6 15. a4 g6 16. g4 Kh8 17. f3 Ng8 18. Bd3 h5 19. Qe1 Be7 20. Qg3 Bh4 21. Qg2 Ngf6 22. Ne2 Nh7 23. Kh1 Bg5 24. Qg1 Bxe3 25. Qxe3 Qh4 26. Kg2 Ndf6 27. Rh1 Ng8 28. Rcg1 f5 29. Kf1 f4 30. Qf2 Qxf2+ 31. Kxf2 h4 32. Kg2 Ng5 33. Rb1 Kg7 34. Rhf1 Nf6 35. Ng1 Bd7 36. Be2 Rh8 37. Rb2 Rh7 38. Rbb1 Rbh8 39. Rb2 Ne8 40. Rbb1 Nc7 41. Rb2 Kf6 42. Rbb1 Nf7 43. Rb2 Kg5 44. Rbb1 Ne8 45. Rb2 Nf6 46. Rbb1 Nh6 47. Rb2 Re7 48. Rbb1 Rf8 49. Rb2 Nh7 50. Rbb1 Kf6 51. Rb2 Kg7 52. Rbb1 Ng5 53. Rb2 Ng8 54. Rbb1 Nf6 55. Rb2 Bc8 56. Rbb1 Bb7 57. Rb2 Ref7 58. Rbb1 Bc8 59. Rb2 Bd7 60. Rbb1 Nfh7 61. Rb2 Kh6 62. Rbb1 Rg7 63. Rb2 Nf7 64. Rbb1 Nd8 65. Rb2 Ng5 66. Rbb1 Kh7 67. Rb2 Kg8 68. Rbb1 Ndf7 69. Rb2 Nh6 70. Rbb1 Nxg4 71. fxg4 Kh7 72. Ngf3 Kh6 73. Nxg5 Kxg5 74. Nf3+ Kf6 75. g5+ Ke7 76. Nh2 Rh8 77. Bg4 Bxg4 78. Nxg4 Rh5 79. Kf3 Rxg5 80. Rg1 Rg8 81. Rg2 Rg7 82. Rbg1 Rg8 83. Kf2 Rg7 84. Kf3 Rg8 85. Nh6 Rxg2 86. Nxg8+ Kf8 87. Rxg2 1-0


[Site "https://www.chess.com"]

[Event "Titled Tuesday Blitz April 05 Late 2022"]
[White "Bachmann, Axel"]
[Black "Foisor, Sabina-Francesca"]
[WhiteFideId "3700488"]
[BlackFideId "1212915"]
[WhiteElo "2518"]
[BlackElo "2357"]
[Result "1-0"]
[Round "08"]
[TimeControl "180+1"]
[Date "2022.04.06"]
[WhiteClock "0:00:30"]
[BlackClock "0:00:07"]

1. d4 d5 2. Nf3 Nf6 3. g3 e6 4. c4 Be7 5. Bg2 O-O 6. O-O c6 7. Qc2 b6 8. Rd1 Bb7 9. Nbd2 Na6 10. a3 Rc8 11. b4 c5 12. dxc5 bxc5 13. b5 Nc7 14. Bb2 Qe8 15. a4 Nd7 16. e3 Bf6 17. Bxf6 Nxf6 18. Ne5 Ba8 19. Rdb1 dxc4 20. Bxa8 Rxa8 21. Ndxc4 Ncd5 22. Nd6 Qe7 23. Qxc5 Rac8 24. Nc6 Qc7 25. Nxc8 Rxc8 26. Qxa7 Qd6 27. Rd1 h5 28. Rac1 Ng4 29. Ne7+ Qxe7 30. Rxc8+ Kh7 31. Qxe7 Nxe7 1-0


[Site "https://www.chess.com"]

[Event "Titled Tuesday Blitz April 05 Late 2022"]
[White "Baker, Chris W"]
[Black "Mangialardo, Tiago Carvalho"]
[WhiteFideId "401676"]
[BlackFideId "2130718"]
[WhiteElo "2137"]
[BlackElo "2043"]
[Result "1-0"]
[Round "08"]
[TimeControl "180+1"]
[Date "2022.04.06"]
[WhiteClock "0:02:05"]
[BlackClock "0:00:39"]

1. e4 e5 2. Nf3 Nc6 3. Bc4 Bc5 4. O-O Nf6 5. d4 Bxd4 6. Nxd4 Nxd4 7. Bg5 h6 8. Bh4 O-O 9. f4 Nc6 10. fxe5 Nxe5 11. Bxf6 gxf6 12. Bb3 Kg7 13. Nc3 c6 14. Kh1 a5 15. a4 b6 16. Ne2 Ng6 17. Ng3 d6 18. Nh5+ Kh8 19. Qd2 Kh7 20. Nxf6+ Kg7 21. Nh5+ Kh7 22. Bxf7 Bg4 23. Nf6+ Kg7 24. Nxg4 Rxf7 25. Qxh6+ 1-0


[Site "https://www.chess.com"]

[Event "Titled Tuesday Blitz April 05 Late 2022"]
[White "Bas Mas, Jose Joaquin"]
[Black "Jaferian, Koosha"]
[WhiteFideId "22219064"]
[BlackFideId "12507440"]
[WhiteElo "2334"]
[BlackElo "2557"]
[Result "1/2-1/2"]
[Round "08"]
[TimeControl "180+1"]
[Date "2022.04.06"]
[WhiteClock "0:00:13"]
[BlackClock "0:00:25"]

1. e4 c6 2. Nc3 d5 3. Nf3 Bg4 4. d4 e6 5. h3 Bxf3 6. gxf3 Nf6 7. Be3 g6 8. Qd2 Nbd7 9. O-O-O Qa5 10. Kb1 Bb4 11. Bd3 O-O-O 12. a3 Bxc3 13. Qxc3 Qxc3 14. bxc3 b5 15. Kb2 Nb6 16. Bc1 Nc4+ 17. Kb3 a5 18. a4 Kd7 19. Bg5 Nh5 20. Bxd8 Rxd8 21. exd5 exd5 22. axb5 cxb5 23. Bxc4 bxc4+ 24. Ka4 Nf4 25. Rb1 Ne2 26. Rb7+ Kc6 27. Rxf7 Nxc3+ 28. Ka3 Nb5+ 29. Ka2 Nxd4 30. Rxh7 Nxc2 31. Rg7 Rd6 32. Rg1 Nb4+ 33. Ka3 Kc5 34. R7xg6 Rd8 35. h4 Rf8 36. R6g3 d4 37. Rg5+ Nd5 38. Re5 Rxf3+ 39. Ka4 Rxf2 40. Ka3 Rf3+ 41. Ka4 c3 42. Rgg5 c2 43. Rxd5+ Kc4 44. Rc5+ Kd3 45. Rg1 Rf2 46. Rg3+ Kd2 47. h5 c1=Q 48. Rxc1 Kxc1 49. Rd3 Rf4 50. h6 Kc2 51. h7 Rh4 52. h8=Q Rxh8 53. Rxd4 Kc3 54. Rd6 Kc4 55. Rc6+ Kd5 56. Rc1 Rb8 57. Kxa5 Kd4 58. Rd1+ Kc5 59. Rc1+ Kd5 60. Ka4 Rb7 61. Ka3 Kd4 62. Rd1+ Kc3 63. Rc1+ Kd2 64. Rc6 Rb8 65. Ka4 Kd3 66. Ka5 Kd4 67. Rc1 Kd5 68. Rd1+ Kc4 69. Rc1+ Kd5 1/2-1/2


[Site "https://www.chess.com"]